 Dungeon Crawl Stone Soup version 0.30.0-3-ga4e48a9924 (webtiles) character file.

Game seed: 14072847090047908711

2034 LustLizard the Geomancer (level 9, 0/50 (52) HPs)
             Began as a Gargoyle Earth Elementalist on May 8, 2023.
             Was a Believer of Makhleb.
             Slain by a spectral orc warrior
             ... wielding a +0 scimitar
             ... summoned by Nergalle
              (4 damage)
             ... on level 10 of the Dungeon.
             The game lasted 00:11:27 (7254 turns).

LustLizard the Geomancer (GrEE)                     Turns: 7254, Time: 00:11:27

HP:   0/50 (52)     AC: 17    Str: 13    XL:     9   Next: 24%
MP:   0/15          EV: 11    Int: 19    God:    Makhleb [**....]
Gold: 577           SH:  0    Dex: 10    Spells: 13/17 levels left

rFire   . . .        w - staff of conjuration
rCold   . . .        (no shield)
rNeg    + + .        l - +0 leather armour
rPois   ∞            s - +0 helmet
rElec   +            C - +0 cloak
rCorr   .            f - +0 pair of gloves
SInv    .            v - +0 pair of boots
Will    .....        (no amulet)
Stlth   ++           m - ring of positive energy
HPRegen 0.28/turn    D - +4 ring of protection
MPRegen 0.14/turn

%: no passive effects
@: lightly drained
A: sickness immunity, AC +6, negative energy resistance 1, electricity
resistance, torment resistance 1, petrification resistance
a: Renounce Religion, Minor Destruction


You were on level 10 of the Dungeon.
You worshipped Makhleb.
Makhleb was pleased with you.
You visited 2 branches of the dungeon, and saw 9 of its levels.
You also visited: Ossuary.

You collected 647 gold pieces.
You spent 70 gold pieces at shops.

Inventory:

Hand Weapons
 u - a +2 hand axe of venom
Armour
 a - a +0 robe
 f - a +0 pair of gloves (worn)
 l - a +0 leather armour (worn)
 s - a +0 helmet (worn)
 v - a +0 pair of boots (worn)
 C - a +0 cloak (worn)
Magical Staves
 w - a staff of conjuration (weapon)
Jewellery
 m - a ring of positive energy (left hand)
 y - a ring of fire
 D - a +4 ring of protection (right hand)
Wands
 r - a wand of digging (7)
 A - a wand of polymorph (6)
Scrolls
 c - a scroll of immolation {unknown}
 d - 3 scrolls of enchant weapon
 e - 3 scrolls of poison
 g - 3 scrolls of teleportation
 i - a scroll of identify
 k - a scroll of fog {unknown}
 o - 3 scrolls of blinking {unknown}
 p - 2 scrolls of fear
 q - 2 scrolls of summoning
 B - 2 scrolls of noise {unknown}
 E - a scroll of magic mapping {unknown}
Potions
 b - a potion of magic
 h - 2 potions of heal wounds
 j - a potion of curing {unknown}
 n - 4 potions of mutation
 t - a potion of flight {unknown}
 x - 2 potions of haste
 z - 2 potions of lignification


   Skills:
 + Level 4.5 Fighting
 - Level 1.5 Dodging
 - Level 5.0 Stealth
 + Level 4.5 Spellcasting
 * Level 6.4 Conjurations
 - Level 0.7 Transmutations
 * Level 8.5 Earth Magic
 + Level 2.6 Invocations


You had 13 spell levels left.
You knew the following spells:

 Your Spells              Type           Power      Damage    Failure   Level
a - Sandblast             Erth           72%        2d16      1%          1
b - Stone Arrow           Conj/Erth      98%        3d13      2%          3

Your spell library contained the following spells:

 Spells                   Type           Power      Damage    Failure   Level
 Passwall                 Tmut/Erth      17%        N/A       3%          2
 Petrify                  Tmut/Erth      21%        N/A       24%         4
 Vhi's Electric Charge    Tloc/Air       8%         N/A       45%         3
 Arcjolt                  Conj/Air       12%        1d22      77%         5
 Maxwell's Capacitive Co  Air            2%         ∞         100%        8


Dungeon Overview and Level Annotations

Branches:
Dungeon (7/15)             Temple (1/1) D:4         Ossuary (visited)

Altars:
Ashenzari
Dithmenos
Elyvilon
Fedhas
Gozag
Makhleb
Nemelex Xobeh
Okawaru
Qazlal
Ru
Sif Muna
Trog
Uskayaw
Vehumet
Wu Jian
Yredelemnul
Zin
The Shining One

Shops:
D:1 ?   D:10 =!(

Annotations:
D:2 Terence
D:10 Nergalle


Innate Abilities, Weirdness & Mutations

You are immune to sickness and miasma.
Your stone body is resilient. (AC +6)
You are immune to poison.
You resist negative energy. (rN+)
You are resistant to electric shocks. (rElec)
You are resistant to unholy torment.
You are immune to petrification.


Message History

The spectral orc barely misses you.
The spectral orc warrior hits you but does no damage.
Nergalle hits you with a +0 dagger.
* * * LOW HITPOINT WARNING * * *
The spectral orc warrior barely misses you.
Okay, then.
Aiming: Minor Destruction (6% risk of failure)
Press: ? - help, Shift-Dir - straight line, f/p - Nergalle
Aim: Nergalle, wielding a +0 dagger and wearing a +0 robe (almost dead)
The zap hits Nergalle but does no damage.
Nergalle is almost dead.
The spectral orc warrior hits you.
* * * LOW HITPOINT WARNING * * *
The spectral orc warrior hits you but does no damage.
The spectral orc hits you but does no damage.
Nergalle hits you but does no damage.
The spectral orc warrior hits you but does no damage.
The spectral orc warrior barely misses you.
Aiming: Minor Destruction (6% risk of failure)
Press: ? - help, Shift-Dir - straight line, f/p - Nergalle
Aim: Nergalle, wielding a +0 dagger and wearing a +0 robe (almost dead)
The stone arrow hits Nergalle.
Nergalle is almost dead.
The spectral orc hits you but does no damage.
The spectral orc warrior closely misses you. x2
Nergalle hits you but does no damage.
The spectral orc warrior barely misses you.
The spectral orc hits you but does no damage.
The spectral orc warrior barely misses you.
Aiming: Minor Destruction (6% risk of failure)
Press: ? - help, Shift-Dir - straight line, f/p - Nergalle
Aim: Nergalle, wielding a +0 dagger and wearing a +0 robe (almost dead)
The zap hits Nergalle but does no damage.
Nergalle is almost dead.
The spectral orc warrior hits you but does no damage. x2
The spectral orc hits you but does no damage.
Nergalle hits you with a +0 dagger.
* * * LOW HITPOINT WARNING * * *
The spectral orc warrior hits you with a +0 scimitar.
You die...

######### ........#
........# .
........############# ..
.............#......# ...
............∩#......#....
.............'.ZZZ.......
.............#.Z@o.......
........#########Z#...#.
........# .....∩...#.#..
........# ..........∩
........# .........#.#
........# ........#...#
........# ..............
###...### ........... ...
..... ..<............


You could see Nergalle, a spectral orc (summoned, fast) and 4 spectral orc
warriors.

Vanquished Creatures
  A steam dragon (D:6)
  An ice beast (D:6)
  A sky beast (D:6)
  2 centaurs (D:7)
  A bullfrog (D:6)
  2 scorpions
  3 wights (D:6)
  3 howler monkeys
  2 centaur zombies (Ossuary)
  4 hounds (D:5)
  5 jellies
  4 orc priests
  A sleepcap (D:6)
  3 iguanas
  5 orc wizards
  2 mummies (Ossuary)
  Robin (D:2)
  4 gnolls (D:6)
  7 adders
  A shadow imp (D:5)
  2 white imps
  An ufetubus (D:6)
  A worm (D:2)
  A dart slug (D:2)
  17 orcs
  10 ball pythons
  8 bats
  2 endoplasms (D:2)
  4 giant cockroaches
  13 goblins
  10 hobgoblins
  7 jackals
  4 quokkas
  A frilled lizard (D:2)
  3 gnoll zombies (Ossuary)
  2 goblin zombies (Ossuary)
  4 hobgoblin zombies (Ossuary)
  7 kobolds
  3 orc zombies (Ossuary)
  6 rats
159 creatures vanquished.

Vanquished Creatures (collateral kills)
  A steam dragon (D:6)
1 creature vanquished.

Grand Total: 160 creatures vanquished

Notes
Turn   | Place    | Note
-------+----------+-------------------------------------------
     0 | D:1      | LustLizard the Gargoyle Earth Elementalist began the quest
                  | for the Orb.
     0 | D:1      | Reached XP level 1. HP: 10/10 MP: 3/3
   160 | D:1      | Reached XP level 2. HP: 16/16 MP: 3/5
   218 | D:1      | Found Nicedog's Magic Scroll Shop.
   235 | D:1      | Bought a scroll of teleportation for 30 gold pieces
   388 | D:1      | Reached skill level 4 in Earth Magic
   637 | D:1      | Found a faded altar of an unknown god.
   645 | D:1      | Reached skill level 1 in Fighting
   792 | D:1      | Reached XP level 3. HP: 20/20 MP: 4/6
   829 | D:1      | Learned a level 3 spell: Stone Arrow
  1122 | D:2      | Noticed Terence
  1298 | D:2      | Noticed Robin
  1907 | D:2      | Reached XP level 4. HP: 25/25 MP: 2/7
  2084 | D:2      | Killed Robin
  2085 | D:2      | Reached skill level 1 in Conjurations
  2208 | D:3      | Identified the +4 sling "Naezalol" {drain, rN+}
  2381 | D:3      | Reached XP level 5. HP: 29/29 MP: 6/8
  2559 | D:3      | Found a shadowy altar of Dithmenos.
  2587 | D:3      | Reached skill level 5 in Earth Magic
  3154 | D:1      | Bought a scroll of fear for 40 gold pieces
  3350 | D:4      | Found a staircase to the Ecumenical Temple.
  3365 | Temple   | Entered the Ecumenical Temple
  3596 | Temple   | Became a worshipper of Makhleb the Destroyer
  3620 | Temple   | Reached XP level 6. HP: 32/35 MP: 5/10
  3959 | D:4      | Found a glowing silver altar of Zin.
  4359 | D:5      | Entered Level 5 of the Dungeon
  4553 | D:5      | Reached skill level 6 in Earth Magic
  4553 | D:5      | Reached XP level 7. HP: 40/40 MP: 8/11
  4682 | D:5      | Reached * piety under Makhleb
  5308 | D:6      | Found a blossoming altar of Fedhas.
  5308 | D:6      | Found a sparkling altar of Nemelex Xobeh.
  5318 | D:6      | Noticed a steam dragon
  5326 | D:6      | Killed a steam dragon
  5327 | D:6      | Reached XP level 8. HP: 37/46 MP: 6/13
  5333 | D:6      | Reached skill level 7 in Earth Magic
  5538 | D:6      | Reached skill level 5 in Conjurations
  5541 | D:6      | Reached skill level 5 in Stealth
  5541 | D:6      | Reached skill level 1 in Invocations
  6118 | D:6      | Found a radiant altar of Vehumet.
  6334 | D:6      | Reached skill level 8 in Earth Magic
  6340 | D:6      | Reached XP level 9. HP: 52/52 MP: 7/15
  6776 | D:7      | Found a sand-covered staircase.
  6824 | Ossuary  | Entered an ossuary
  6848 | Ossuary  | Reached ** piety under Makhleb
  7217 | D:7      | You fall into a shaft and drop 3 floors!
  7217 | D:10     | Entered Level 10 of the Dungeon
  7217 | D:10     | Found Diasum's Jewellery Boutique.
  7233 | D:10     | Found Damn's Antique Weapon Emporium.
  7235 | D:10     | Noticed Nergalle
  7236 | D:10     | Found Cecou's Distillery.
  7254 | D:10     | Slain by a spectral orc warrior

Illustrated notes

Levels and vault maps discovered:
D:1:      heliophobic_arrival_enchanted_forest, layout_loops_ring,
          hellmonk_ecumenical_altar_zigzags, serial_shops, shop
D:2:      layout_loops_ring, uniq_robin, uniq_terence
D:3:      layout_loops_ring, nicolae_dithmenos_the_darkroom, st_stairs_6
D:4:      layout_basic, mainiacjoe_overflow_paths, minmay_temple_entry_ruins,
          hangedman_glass_teeth
D:5:      layout_gridville
D:6:      layout_basic, marbit_many_paths, mainiacjoe_overflow_divided_tiny,
          kennysheep_generic_room_16
D:7:      layout_basic, cheibriados_altar_2, nicolae_ossuary_entry_plus,
          lemuel_flame_loot_1
D:10:     minmay_the_grid_triangle_9x9_recursive_2
          [minmay_the_grid_triangle_9x9_prize_center,
          minmay_the_grid_triangle_9x9_zippers_horizontal,
          minmay_the_grid_triangle_9x9_corrupted_corridor,
          minmay_the_grid_triangle_9x9_minimal], layout_grid_maze,
          mainiacjoe_overflow_concentric_impassable, enter_bailey_2,
          serial_shops, nicolae_shop_advertising_works
          [nicolae_subvault_shop_adworks], shop, nicolae_shop_window_shopping,
          shop, nicolae_shop_tiny_statue_garden, serial_bayou_pond_a,
          uniq_erolcha, uniq_nergalle
Temple:   compressed_dpeg_triangle_lava_temple

Skill      XL: |  1  2  3  4  5  6  7  8 |
---------------+-------------------------+-----
Earth Magic    | 4 5 6 8 |  8.5
Fighting       | 1 2 3 4 |  4.5
Conjurations   | 1 2 3 4 6 |  6.4
Stealth        | 3 4 5 |  5.0
Spellcasting   | 3 4 |  4.5
Invocations    | 2 |  2.6
Dodging        | |  1.5
Transmutations | |  0.7

Action                     |  1- 3 |  4- 6 |  7- 9 || total
---------------------------+-------+-------+-------++-------
  Melee: Short sword       |     8 |       |       ||     8
         Staff             |       |       |     7 ||     7
   Cast: Sandblast         |    59 |    81 |   117 ||   257
         Stone Arrow       |       |       |    19 ||    19
 Invoke: Minor Destruction |       |       |     3 ||     3
    Use: Scroll            |       |     4 |     5 ||     9
         Potion            |       |     1 |       ||     1
 Armour: Robe              |     2 |       |       ||     2
         Leather armour    |    13 |    16 |    71 ||   100
  Dodge: Dodged            |    14 |    38 |    57 ||   109
